 Dungeon Crawl Stone Soup version 0.31-a0-986-g5e6e4ef867 (webtiles) character file.

Game seed: 5428953041826666767

1166 Fodor the Cleaver (level 8, -21/69 HPs)
             Began as a Minotaur Fighter on Nov 6, 2023.
             Demolished by an ogre
             ... wielding a +0 giant spiked club
              (35 damage)
             ... on level 6 of the Dungeon.
             The game lasted 00:25:28 (4890 turns).

Fodor the Cleaver (Minotaur Fighter)                Turns: 4890, Time: 00:25:29

Health: -21/69     AC: 14    Str: 23    XL:     8   Next: 17%
Magic:  7/7        EV:  7    Int:  5    God:
Gold:   344        SH:  0    Dex: 10    Spells: 7/7 levels left

rFire   . . .        a - +0 war axe
rCold   . . .        n - orb {mayhem}
rNeg    + . .        e - +0 plate armour
rPois   .            (helmet restricted)
rElec   .            r - +0 cloak
rCorr   .            (no gloves)
SInv    .            (no boots)
Will    .....        b - amulet of regeneration Stlth
                     m - ring of positive energy
HPRegen 1.11/turn    (no ring)
MPRegen 0.10/turn

%: mayhem
@: no status effects
A: horns 2, retaliatory headbutt
a: no special abilities


You were on level 6 of the Dungeon.
You visited 1 branch of the dungeon, and saw 6 of its levels.

You collected 344 gold pieces.

Inventory:

Hand Weapons
 a - a +0 war axe (weapon)
Missiles
 z - 3 boomerangs (quivered)
Armour
 c - a +0 buckler
 e - a +0 plate armour (worn)
 n - an orb of mayhem (worn)
 r - a +0 cloak (worn)
Jewellery
 b - an amulet of regeneration (around neck)
 m - a ring of positive energy (left hand)
 s - a ring of poison resistance
Wands
 h - a wand of polymorph (11)
 y - a wand of charming (6)
Scrolls
 f - 2 scrolls of fog
 p - a scroll of revelation {unknown}
 q - 2 scrolls of teleportation
 t - 2 scrolls of noise {unknown}
 u - a scroll of vulnerability {unknown}
 v - a scroll of enchant weapon {unknown}
 A - a scroll of enchant armour {unknown}
 C - a scroll of identify
Potions
 d - 2 potions of might
 g - 2 potions of lignification
 i - a potion of degeneration {unknown}
 j - a potion of invisibility {unknown}
 k - 3 potions of curing {unknown}
 l - 2 potions of ambrosia
 o - a potion of enlightenment {unknown}
 w - a potion of haste {unknown}
 x - 3 potions of heal wounds {unknown}
 B - 4 potions of mutation {unknown}
 D - 2 potions of berserk rage {unknown}


   Skills:
 + Level 5.6 Fighting
 + Level 8.3 Axes
 + Level 0.9 Throwing
 + Level 7.4 Armour
 + Level 0.3 Stealth
 + Level 4.6 Shields
 + Level 0.1 Unarmed Combat


You had 7 spell levels left.
You didn't know any spells.
Your spell library contained the following spells:

 Spells                   Type           Power      Damage    Failure   Level
 Magic Dart               Conj           0%         1d3       100%        1
 Call Imp                 Summ           0%         N/A       100%        2
 Lesser Beckoning         Tloc           0%         N/A       100%        2
 Scorch                   Fire           0%         2d5       100%        2
 Gell's Gravitas          Tloc           0%         N/A       100%        3
 Mephitic Cloud           Conj/Pois/Air  0%         N/A       100%        3
 Summon Guardian Golem    Hex/Summ       0%         N/A       100%        3
 Teleport Other           Tloc           0%         N/A       100%        3
 Flame Wave               Conj/Fire      0%         2d4       100%        4
 Passage of Golubria      Tloc           0%         N/A       100%        4
 Silence                  Hex/Air        0%         N/A       100%        5
 Summon Cactus Giant      Summ           0%         N/A       100%        6
 Orb of Destruction       Conj           0%         9d5       100%        7
 Spellforged Servitor     Conj/Summ      0%         N/A       100%        7
 Lehudib's Crystal Spear  Conj/Erth      0%         10d2      100%        8


Dungeon Overview and Level Annotations

Branches:
Dungeon (6/15)
 Temple: D:4-7

Altars:
Dithmenos
Xom


Innate Abilities, Weirdness & Mutations

You have a pair of horns on your head.
You reflexively headbutt those who attack you in melee.


Message History

You hit the phantom but do no damage.
The phantom is moderately damaged.
The phantom hits you but does no damage.
You slash the phantom!
The phantom is almost destroyed.
You hit the ogre. The ogre closely misses you.
The phantom hits you but does no damage.
The ogre hits the phantom with a +0 giant club!!!
The phantom is destroyed!
There is a stone staircase leading down here.
The ogre hits you with a +0 giant club!
Throw: 3 boomerangs
Press: ? - help, Q - select action, (/) - cycle Shift-Dir - straight line, f - hound
Aim: a hound (41% to hit)
You throw a boomerang. The boomerang barely misses the hound.
The ogre closely misses the hound.
An ogre comes into view. It is wielding a +0 giant spiked club.
You miss the hound. The hound bites you.
The hound bites you but does no damage.
The ogre hits the hound with a +0 giant club!
You slash the hound!
You kill the hound!
The ogre flies into a frenzy!
The ogre shouts! x2
You slash the ogre!
The ogre is severely wounded.
The ogre closely misses you.
You slash the ogre!
You kill the ogre!
The ogre hits you with a +0 giant spiked club.
Things that are here:
a +0 giant club; an ogre corpse The sentinel's mark upon you fades away.
The ogre hits you with a +0 giant spiked club!!!
Ouch! That really hurt!
* * * LOW HITPOINT WARNING * * *
Found 7 gold pieces.
The ogre hits you with a +0 giant spiked club!!
Ouch! That really hurt!
You die...

##.........
#..........
#.........$
#..........
#..........
#........†.
#..........
#
#.O@[.....#
##
#>.......##
.##
##)......##
..#
##.########
..## ##.##
...# ##..#
..# ##..##
..# #..##
.# ##.##


You could see a neutral ogre (fast, strong, frenzied).

Vanquished Creatures
  An ice beast (D:6)
  A black bear (D:5)
  An ogre (D:6)
  3 scorpions (D:5)
  A jelly (D:4)
  5 hounds
  An orc priest (D:5)
  A sleepcap (D:3)
  Ijyb (D:3)
  Natasha (thrice) (D:2)
  4 iguanas
  6 gnolls (D:2)
  4 adders
  A worm (D:3)
  2 dart slugs
  12 orcs
  10 ball pythons
  10 endoplasms
  4 giant cockroaches
  7 goblins
  4 hobgoblins
  8 quokkas
  3 bats
  10 frilled lizards
  8 kobolds
  5 rats
116 creatures vanquished.

Vanquished Creatures (collateral kills)
  A phantom (D:6)
  A hound (D:6)
  2 orcs
  A hobgoblin (D:4)
5 creatures vanquished.

Grand Total: 121 creatures vanquished

Notes
Turn   | Place    | Note
-------+----------+-------------------------------------------
     0 | D:1      | Fodor the Minotaur Fighter began the quest for the Orb.
     0 | D:1      | Reached XP level 1. HP: 19/19 MP: 0/0
   124 | D:1      | Reached XP level 2. HP: 25/27 MP: 1/1
   907 | D:1      | Reached skill level 3 in Axes
  1062 | D:2      | Reached XP level 3. HP: 33/33 MP: 2/2
  1225 | D:2      | Reached XP level 4. HP: 40/40 MP: 3/3
  1364 | D:2      | Reached skill level 4 in Axes
  1448 | D:2      | Noticed Natasha
  1454 | D:2      | Killed Natasha
  1487 | D:2      | Noticed Natasha
  1491 | D:2      | Killed Natasha
  1492 | D:2      | Reached XP level 5. HP: 44/46 MP: 4/4
  1630 | D:2      | Reached skill level 5 in Armour
  1866 | D:2      | Noticed Natasha
  1933 | D:2      | Killed Natasha
  2756 | D:3      | Found a faded altar of an unknown god.
  2916 | D:3      | Noticed Ijyb
  2925 | D:3      | Killed Ijyb
  3007 | D:3      | Reached skill level 5 in Axes
  3007 | D:3      | Reached XP level 6. HP: 40/53 MP: 5/5
  3582 | D:4      | Found a shimmering altar of Xom.
  3791 | D:5      | Entered Level 5 of the Dungeon
  3811 | D:5      | Reached skill level 6 in Axes
  3830 | D:5      | Found a shadowy altar of Dithmenos.
  3898 | D:5      | Reached skill level 5 in Fighting
  3898 | D:5      | Reached XP level 7. HP: 56/61 MP: 6/6
  3955 | D:5      | Reached skill level 7 in Axes
  4876 | D:6      | Reached skill level 8 in Axes
  4876 | D:6      | Reached XP level 8. HP: 66/69 MP: 7/7
  4890 | D:6      | Demolished by an ogre

Illustrated notes

Levels and vault maps discovered:
D:1:      minmay_arrival_four_circles, layout_basic
D:2:      layout_loops_ring, uniq_natasha
D:3:      layout_rooms, hellmonk_ecumenical_altar_defaced_shrine,
          serial_co_window_serial, co_window_paths_b, co_window_paths_b,
          co_window_paths_a, co_window_cross_1, co_window_corner_a,
          co_window_unsneaky_path_a, co_window_of_opportunity_b,
          co_window_corner_ca, co_window_corner_cb, co_window_broadway_b,
          co_window_2corner, co_window_broadway_b, glass_columns_b,
          glass_columns_a, st_stairs_3, uniq_ijyb
D:4:      layout_loops_ring, lemuel_coloured_pillars_altar
D:5:      nicolae_cairo_tiling, layout_loops_cross, mainiacjoe_overflow_brackets
D:6:      layout_cave_pods, tso_oasis_becter, minivault_22

Skill      XL: |  1  2  3  4  5  6  7 |
---------------+----------------------+-----
Armour         | 4 5 7 |  7.4
Shields        | 4 |  4.6
Fighting       | 4 5 |  5.6
Axes           | 3 4 5 6 8 |  8.3
Throwing       | |  0.9
Stealth        | |  0.3
Unarmed Combat | |  0.1

Action                     |  1- 3 |  4- 6 |  7- 9 || total
---------------------------+-------+-------+-------++-------
  Melee: War axe           |    74 |   138 |    63 ||   275
         Headbutt          |     7 |    24 |     8 ||    39
         Unarmed           |       |     4 |       ||     4
  Throw: Boomerang         |       |     5 |     5 ||    10
    Use: Scroll            |       |     4 |       ||     4
 Armour: Plate armour      |    65 |   161 |    73 ||   299
         Scale mail        |     4 |       |       ||     4
         Skin              |       |     8 |       ||     8
  Dodge: Dodged            |    27 |    57 |    26 ||   110
  Block: Buckler           |    14 |    19 |       ||    33

Table legend: (Time is in decaauts)
 A = Elapsed time spent in this place.
 B = Non-inter-level travel time spent in this place.
 C = Inter-level travel time spent in this place.
 D = Time resting spent in this place.
 E = Time spent auto-exploring this place.
 F = Levels seen in this place.
 G = Mean time per level.
                   A        B        C        D        E       F      G
               +--------+--------+--------+--------+--------+-----+--------+
         Total |   4969 |   4674 |    295 |     61 |      0 |   6 |  828.2 |
       Dungeon |   4969 |   4674 |    295 |     61 |      0 |   6 |  828.2 |
               +--------+--------+--------+--------+--------+-----+--------+

Top non-repeatable levels by time:
     D:1: 1074 daAuts
     D:3: 1058 daAuts
     D:2: 1003 daAuts
     D:5: 811 daAuts
     D:4: 720 daAuts
     D:6: 301 daAuts
